PA
PROVO MANGO @ DELAWARE 1787 BC
07/18/2034
 
TOP OF THE 1ST
Provo Mango batting - Pitching for Delaware 1787 BC : RHP Kent Phillips
Pitching: RHP Kent Phillips
Batting: SHB Joe Chute 0-0: Ball
1-0: Called Strike
1-1: SINGLE (Groundball, 4D)
Batting: LHB Nicol van Gorp 0-0: Ball
1-0: Ground out U3 (Groundball, 34S)
Joe Chute to second
Batting: RHB Alfonso Cabedo 0-0: Called Strike
0-1: SINGLE (Flyball, 9LM)
Joe Chute to third
Runner from 3rd tries for Home, SAFE, no throw
Batting: RHB Alejandro Mingo 0-0: Fly out, F7 (Line Drive, 78M)
Batting: LHB Louis Tison 0-0: Called Strike
0-1: Ball
1-1: Ball
2-1: Fly out, F7 (Flyball, 7S)
Top of the 1st over - 1 run, 2 hits, 0 errors, 1 left on base; Provo 1 - Delaware 0
BOTTOM OF THE 1ST
Delaware 1787 BC batting - Pitching for Provo Mango : RHP Nam-shik Kwak
Pitching: RHP Nam-shik Kwak
Batting: RHB Román Ramírez 0-0: Foul Ball, location: 2F
0-1: Bunt missed!
0-2: Ball
1-2: Ball
2-2: Strikes out swinging
Batting: LHB Michael Simmons 0-0: Ball
1-0: Called Strike
1-1: Called Strike
1-2: Strikes out swinging
Batting: RHB Zacarías Salazar 0-0: Called Strike
0-1: Foul Ball, location: 2F
0-2: Foul Ball, location: 2F
0-2: Ground out 5-3 (Groundball, 56S)
Bottom of the 1st over - 0 runs, 0 hits, 0 errors, 0 left on base; Provo 1 - Delaware 0
TOP OF THE 2ND
Provo Mango batting - Pitching for Delaware 1787 BC : RHP Kent Phillips
Batting: RHB Tim Jordan 0-0: Foul Ball, location: 2F
0-1: Ball
1-1: Ball
2-1: Foul Ball, location: 2F
2-2: Fly out, F7 (Flyball, 78M)
Batting: RHB Juan Ibarra 0-0: Ball
1-0: DOUBLE (Flyball, 8RD)
Batting: RHB Esteban León 0-0: 2-RUN HOME RUN (Flyball, 9LD), Distance : 348 ft
Batting: RHB Daniel Woods 0-0: Ball
1-0: Ball
2-0: Swinging Strike
2-1: Ball
3-1: Base on Balls
Batting: SHB Joe Chute 0-0: Called Strike
Daniel Woods steals 2nd base
0-1: Ball
1-1: Foul Ball, location: 2F
1-2: Strikes out looking
Batting: LHB Nicol van Gorp 0-0: Ball
1-0: Called Strike
1-1: Ball
2-1: Ball
3-1: SINGLE (Line Drive, 4MD)
Daniel Woods to third
Runner from 3rd tries for Home, SAFE, no throw
Batting: RHB Alfonso Cabedo 0-0: Called Strike
0-1: Fly out, F8 (Flyball, 8RM)
Top of the 2nd over - 3 runs, 3 hits, 0 errors, 1 left on base; Provo 4 - Delaware 0
BOTTOM OF THE 2ND
Delaware 1787 BC batting - Pitching for Provo Mango : RHP Nam-shik Kwak
Batting: RHB Carlos Mendoza 0-0: Ball
1-0: Called Strike
1-1: Foul Ball, location: 2F
1-2: Fly out, F4 (Popup, 34)
Batting: RHB Gerold Olthof 0-0: Ball
1-0: Ball
2-0: Called Strike
2-1: Ball
3-1: Foul Ball, location: 2F
3-2: Fly out, F8 (Flyball, 8LD)
Batting: LHB Manuel Gonzáles 0-0: Called Strike
0-1: Foul Ball, location: 2F
0-2: Ball
1-2: Fly out, F7 (Flyball, 78M)
Bottom of the 2nd over - 0 runs, 0 hits, 0 errors, 0 left on base; Provo 4 - Delaware 0
TOP OF THE 3RD
Provo Mango batting - Pitching for Delaware 1787 BC : RHP Kent Phillips
Batting: RHB Alejandro Mingo 0-0: Swinging Strike
0-1: SINGLE (Groundball, 4D)
Batting: LHB Louis Tison 0-0: Foul Ball, location: 2F
0-1: Fielders Choice at 2nd, 4-6 (Groundball, 34D)
Batting: RHB Tim Jordan 0-0: Ball
1-0: Called Strike
1-1: Ball
2-1: Swinging Strike
2-2: Ball
3-2: SINGLE (Groundball, 6MD)
Louis Tison to second
Runner from 2nd tries for 3rd, OUT!
Batting: RHB Juan Ibarra 0-0: Called Strike
0-1: Ball
1-1: SINGLE (Groundball, 56D)
Tim Jordan to second
Batting: RHB Esteban León 0-0: Ball
1-0: Ball
2-0: Fly out, F3 (Popup, 3SF)
Top of the 3rd over - 0 runs, 3 hits, 0 errors, 2 left on base; Provo 4 - Delaware 0
BOTTOM OF THE 3RD
Delaware 1787 BC batting - Pitching for Provo Mango : RHP Nam-shik Kwak
Batting: LHB Lucas Hancox 0-0: SINGLE (Flyball, 89S)
Batting: RHB Claxton Derringer 0-0: Ball
1-0: Fly out, F8 (Flyball, 89D)
Batting: RHB Tomás Flores 0-0: Ball
1-0: Foul Ball, location: 2F
1-1: SINGLE (Line Drive, 6MD)
Lucas Hancox to second
Batting: RHB Román Ramírez 0-0: Ball
1-0: Ball
2-0: Ball
3-0: Foul Ball, location: 2F
3-1: Swinging Strike
3-2: Foul Ball, location: 2F
3-2: Strikes out swinging
Batting: LHB Michael Simmons 0-0: Called Strike
0-1: Foul Ball, location: 2F
0-2: Foul Ball, location: 2F
0-2: Fly out, F8 (Flyball, 8LD)
Bottom of the 3rd over - 0 runs, 2 hits, 0 errors, 2 left on base; Provo 4 - Delaware 0
TOP OF THE 4TH
Provo Mango batting - Pitching for Delaware 1787 BC : RHP Kent Phillips
Batting: RHB Daniel Woods 0-0: Called Strike
0-1: Swinging Strike
0-2: Ball
1-2: Strikes out looking
Batting: SHB Joe Chute 0-0: Ball
1-0: Foul Ball, location: 2F
1-1: Foul Ball, location: 2F
1-2: Fly out, F5 (Popup, 56S)
Batting: LHB Nicol van Gorp 0-0: Called Strike
0-1: Foul Ball, location: 2F
0-2: Ball
1-2: Ball
2-2: Ground out 4-3 (Groundball, 4)
Top of the 4th over - 0 runs, 0 hits, 0 errors, 0 left on base; Provo 4 - Delaware 0
BOTTOM OF THE 4TH
Delaware 1787 BC batting - Pitching for Provo Mango : RHP Nam-shik Kwak
Batting: RHB Zacarías Salazar 0-0: Ball
1-0: Foul Ball, location: 2F
1-1: Swinging Strike
1-2: Ball
2-2: Foul Ball, location: 2F
2-2: SINGLE (Line Drive, 7S)
Batting: RHB Carlos Mendoza 0-0: Foul Ball, location: 2F
0-1: Ball
1-1: Ball
2-1: Ball
3-1: Base on Balls
Zacarías Salazar to second
Batting: RHB Gerold Olthof 0-0: Called Strike
0-1: Called Strike
0-2: Strikes out swinging
Batting: LHB Manuel Gonzáles 0-0: Ball
1-0: Reached via error on a dropped throw, E1
Zacarías Salazar to third
Carlos Mendoza to second
Batting: LHB Lucas Hancox 0-0: Ball
1-0: Called Strike
1-1: Swinging Strike
1-2: Foul Ball, location: 2F
1-2: Ball
2-2: Strikes out swinging
Batting: RHB Claxton Derringer 0-0: Called Strike
0-1: Ball
1-1: Foul Ball, location: 2F
1-2: Ball
2-2: Strikes out swinging
Bottom of the 4th over - 0 runs, 1 hit, 1 error, 3 left on base; Provo 4 - Delaware 0
TOP OF THE 5TH
Provo Mango batting - Pitching for Delaware 1787 BC : RHP Kent Phillips
Batting: RHB Alfonso Cabedo 0-0: Foul Ball, location: 2F
0-1: Ball
1-1: Called Strike
1-2: Ball
2-2: Foul Ball, location: 2F
2-2: Fly out, F9 (Flyball, 9LS)
Now in RF: Prohor Budrevich
Batting: RHB Alejandro Mingo 0-0: Ball
1-0: Ground out 5-3 (Groundball, 5S)
Batting: LHB Louis Tison 0-0: Hit by Pitch
Batting: RHB Tim Jordan 0-0: Ball
1-0: Ball
2-0: Foul Ball, location: 2F
2-1: Called Strike
2-2: Ball
3-2: SINGLE (Flyball, 78S)
Louis Tison to second
Louis Tison to third
Batting: RHB Juan Ibarra 0-0: Called Strike
0-1: Fly out, F7 (Line Drive, 7)
Top of the 5th over - 0 runs, 1 hit, 0 errors, 2 left on base; Provo 4 - Delaware 0
BOTTOM OF THE 5TH
Delaware 1787 BC batting - Pitching for Provo Mango : RHP Nam-shik Kwak
Batting: RHB Tomás Flores 0-0: Fly out, F2 (Popup, 25F)
Batting: RHB Román Ramírez 0-0: Foul Ball, location: 2F
0-1: Ball
1-1: Called Strike
1-2: Strikes out swinging
Batting: LHB Michael Simmons 0-0: Swinging Strike
0-1: Foul Ball, location: 2F
0-2: Foul Ball, location: 2F
0-2: Ball
1-2: Ball
2-2: Foul Ball, location: 2F
2-2: Ground out 4-3 (Groundball, 4MD)
Bottom of the 5th over - 0 runs, 0 hits, 0 errors, 0 left on base; Provo 4 - Delaware 0
TOP OF THE 6TH
Provo Mango batting - Pitching for Delaware 1787 BC : RHP Kent Phillips
Batting: RHB Esteban León 0-0: Foul Ball, location: 2F
0-1: Ball
1-1: Swinging Strike
1-2: Foul Ball, location: 2F
1-2: Ball
2-2: Ball
3-2: Fly out, F3 (Popup, 23F)
Batting: RHB Daniel Woods 0-0: Ball
1-0: Called Strike
1-1: Foul Ball, location: 2F
1-2: Ground out 6-3 (Groundball, 6)
Batting: SHB Joe Chute 0-0: Fly out, F9 (Flyball, 9)
Top of the 6th over - 0 runs, 0 hits, 0 errors, 0 left on base; Provo 4 - Delaware 0
BOTTOM OF THE 6TH
Delaware 1787 BC batting - Pitching for Provo Mango : RHP Nam-shik Kwak
Batting: RHB Zacarías Salazar 0-0: Called Strike
0-1: Ground out U3 (Groundball, 23)
Batting: RHB Carlos Mendoza 0-0: Ball
1-0: Ground out 1-3 (Groundball, 15S)
Batting: RHB Gerold Olthof 0-0: Called Strike
0-1: Ball
1-1: Called Strike
1-2: Foul Ball, location: 2F
1-2: Ball
2-2: Foul Ball, location: 2F
2-2: Foul Ball, location: 2F
2-2: Foul Ball, location: 2F
2-2: Foul Ball, location: 2F
2-2: Fly out, F9 (Flyball, 9S)
Bottom of the 6th over - 0 runs, 0 hits, 0 errors, 0 left on base; Provo 4 - Delaware 0
TOP OF THE 7TH
Provo Mango batting - Pitching for Delaware 1787 BC : RHP Kent Phillips
Batting: LHB Nicol van Gorp 0-0: Foul Ball, location: 2F
0-1: Ground out 4-3 (Groundball, 4)
Batting: RHB Alfonso Cabedo 0-0: Foul Ball, location: 2F
0-1: Ball
1-1: Swinging Strike
1-2: Ball
2-2: Ball
3-2: Fly out, F8 (Flyball, 8LXD)
Batting: RHB Alejandro Mingo 0-0: Ball
1-0: Called Strike
1-1: Swinging Strike
1-2: Fly out, F6 (Popup, 6D)
Top of the 7th over - 0 runs, 0 hits, 0 errors, 0 left on base; Provo 4 - Delaware 0
BOTTOM OF THE 7TH
Delaware 1787 BC batting - Pitching for Provo Mango : RHP Nam-shik Kwak
Batting: LHB Prohor Budrevich 0-0: Ground out U3 (Groundball, 3)
Batting: LHB Lucas Hancox 0-0: Ball
1-0: SINGLE (Groundball, 4MD)
Batting: RHB Claxton Derringer 0-0: Ground out 6-3 (Groundball, 6MS)
Lucas Hancox to second
Batting: RHB Tomás Flores 0-0: Ball
1-0: Foul Ball, location: 2F
1-1: Ball
2-1: Ball
3-1: Fly out, F9 (Line Drive, 89D)
Bottom of the 7th over - 0 runs, 1 hit, 0 errors, 1 left on base; Provo 4 - Delaware 0
TOP OF THE 8TH
Provo Mango batting - Pitching for Delaware 1787 BC : RHP Kent Phillips
Pitching: RHP Janghyun P'i
Batting: LHB Louis Tison 0-0: Ball
1-0: Ball
2-0: Called Strike
2-1: Ground out 4-3 (Groundball, 34)
Batting: RHB Tim Jordan 0-0: Foul Ball, location: 2F
0-1: Ball
1-1: Fly out, F7 (Flyball, 7LS)
Batting: RHB Juan Ibarra 0-0: Called Strike
0-1: Swinging Strike
0-2: Ball
1-2: Strikes out swinging
Top of the 8th over - 0 runs, 0 hits, 0 errors, 0 left on base; Provo 4 - Delaware 0
BOTTOM OF THE 8TH
Delaware 1787 BC batting - Pitching for Provo Mango : RHP Nam-shik Kwak
Batting: RHB Román Ramírez 0-0: Called Strike
0-1: Reached on error, E3 (Groundball, 34S)
Batting: LHB Michael Simmons 0-0: Ball
1-0: Swinging Strike
1-1: Ball
2-1: Swinging Strike
2-2: Ball
3-2: Strikes out looking
Batting: RHB Zacarías Salazar 0-0: Ball
1-0: Ground out 4-3 (Groundball, 34)
Román Ramírez to third
Batting: RHB Carlos Mendoza 0-0: Ball
1-0: Foul Ball, location: 2F
1-1: Swinging Strike
1-2: Ball
2-2: Fly out, F3 (Popup, 3F)
Bottom of the 8th over - 0 runs, 0 hits, 1 error, 1 left on base; Provo 4 - Delaware 0
TOP OF THE 9TH
Provo Mango batting - Pitching for Delaware 1787 BC : RHP Janghyun P'i
Batting: RHB Esteban León 0-0: Ball
1-0: Called Strike
1-1: Foul Ball, location: 2F
1-2: Ball
2-2: Ball
3-2: Fly out, F9 (Flyball, 9D)
Batting: RHB Daniel Woods 0-0: Ball
1-0: Called Strike
1-1: Foul Ball, location: 2F
1-2: Foul Ball, location: 2F
1-2: Ball
2-2: Foul Ball, location: 2F
2-2: Foul Ball, location: 2F
2-2: Strikes out looking
Batting: SHB Joe Chute 0-0: Ball
1-0: Swinging Strike
1-1: Called Strike
1-2: Strikes out swinging
Top of the 9th over - 0 runs, 0 hits, 0 errors, 0 left on base; Provo 4 - Delaware 0
BOTTOM OF THE 9TH
Delaware 1787 BC batting - Pitching for Provo Mango : RHP Nam-shik Kwak
Batting: RHB Gerold Olthof 0-0: Called Strike
0-1: Foul Ball, location: 2F
0-2: Ball
1-2: Strikes out swinging
Batting: LHB Prohor Budrevich 0-0: Ball
1-0: Fly out, F8 (Flyball, 8LD)
Batting: LHB Lucas Hancox 0-0: Called Strike
0-1: Ball
1-1: Fly out, F8 (Flyball, 8LD)
Bottom of the 9th over - 0 runs, 0 hits, 0 errors, 0 left on base; Provo 4 - Delaware 0
Friday, March 29th, 2019 - OOTP Baseball 18.8 Build 76